 Dungeon Crawl Stone Soup version 0.28.0-45-g0d030f2227 (webtiles) character file.

Game seed: 3614280150523179750

885 Descartes the Quickloader (level 7, -8/58 HPs)
             Began as a Deep Dwarf Hunter on Apr 20, 2022.
             Was an Initiate of Gozag.
             Killed from afar by Maggie (30 damage)
             ... with a bolt of fire
             ... on level 7 of the Dungeon.
             The game lasted 00:12:55 (5164 turns).

Descartes the Quickloader (Deep Dwarf Hunter)       Turns: 5164, Time: 00:12:57

Health: -8/58      AC: 11    Str: 18    XL:     7   Next: 76%
Magic:  7/7        EV: 14    Int: 11    God:    Gozag
Gold:   149        SH:  0    Dex: 13    Spells: 6/6 levels left

rFire   . . .      SeeInvis .   t - +1 dagger (flame)
rCold   . . .      Faith    .   (no shield)
rNeg    . . .      Spirit   .   F - +0 scale mail
rPois   .          Reflect  .   (no helmet)
rElec   .          Harm     .   K - +0 cloak
rCorr   .          Rampage  .   (no gloves)
Will    +....                   (no boots)
Stlth   ..........              (no amulet)
HPRegen 0.00/turn               o - +4 ring of protection
MPRegen 0.10/turn               y - +4 ring of evasion

@: mighty, mesmerised
A: damage resistance, heal wounds, sense surroundings 1, no regeneration
a: Heal Wounds, Renounce Religion, Potion Petition, Call Merchant, Bribe Branch


You were on level 7 of the Dungeon.
You worshipped Gozag.
Gozag was aware of your devotion.
You visited 2 branches of the dungeon, and saw 8 of its levels.

You collected 357 gold pieces.
You spent 139 gold pieces at shops.
You paid 69 gold pieces to Gozag.

Inventory:

Hand Weapons
 a - a +1 hand crossbow
 b - a +0 spear
 g - a +0 short sword
 s - a +0 hunting sling
 t - a +1 dagger of flaming (weapon)
Missiles
 d - 4 bolts
 e - 220 stones
 j - 31 arrows
 n - 47 sling bullets
 v - 3 poisoned darts
Armour
 A - a scarf of repulsion
 F - a +0 scale mail (worn)
 K - a +0 cloak (worn)
Jewellery
 o - a +4 ring of protection (left hand)
 y - a +4 ring of evasion (right hand)
 I - a ring of positive energy
Wands
 H - a wand of iceblast (5)
Scrolls
 c - 2 scrolls of holy word {unknown}
 f - a scroll of enchant weapon {unknown}
 h - 12 scrolls of identify
 k - 3 scrolls of fog {unknown}
 w - a scroll of noise {unknown}
 x - 2 scrolls of teleportation {unknown}
 B - a scroll of magic mapping {unknown}
 C - a scroll of vulnerability {unknown}
 E - a scroll of acquirement {unknown}
Potions
 l - a potion of curing
 m - a potion of might
 p - a potion of berserk rage {unknown}
 q - 2 potions of brilliance {unknown}
 r - 2 potions of lignification {unknown}
 u - a potion of flight {unknown}
 z - a potion of heal wounds {unknown}
 D - a potion of haste {unknown}
 G - a potion of magic {unknown}
 J - 2 potions of degeneration {unknown}


   Skills:
 - Level 1.7 Fighting
 + Level 4.6 Slings
 + Level 8.0 Crossbows
 - Level 2.1 Dodging
 - Level 1.2 Stealth
 + Level 4.9 Translocations


You had 6 spell levels left.
You didn't know any spells.
Your spell library contained the following spells:

 Spells                   Type           Power      Damage    Failure   Level
 Beastly Appendage        Tmut           0%         N/A       77%         1
 Wereblood                Tmut           0%         N/A       88%         2
 Spider Form              Tmut/Pois      0%         N/A       98%         3


Dungeon Overview and Level Annotations

Branches:
Dungeon (7/15)             Temple (1/1) D:5

Altars:
Ashenzari
Cheibriados
Dithmenos
Elyvilon
Fedhas
Gozag
Hepliaklqana
Kikubaaqudgha
Makhleb
Nemelex Xobeh
Okawaru
Qazlal
Ru
Sif Muna
Trog
Uskayaw
Vehumet
Wu Jian
Xom
Yredelemnul
Zin
The Shining One

Shops:
D:1 *   D:6 [?

Annotations:
D:2 1 runed translucent door, Crazy Yiuf
D:7 Maggie


Innate Abilities, Weirdness & Mutations

You are resistant to damage.
You can heal yourself by infusing magical energy.
You passively map a small area around you.
You do not regenerate.


Message History

s - a +0 hunting sling (weapon)
Maggie gestures wildly while chanting.
Maggie draws you further into her thrall.
Really attack while wielding your +0 hunting sling? [Y]es or [N]o only, please.
Really attack while wielding your +0 hunting sling? [Y]es or [N]o only, please.
Really attack while wielding your +0 hunting sling? [Y]es or [N]o only, please.
Really attack while wielding your +0 hunting sling? [Y]es or [N]o only, please.
Really attack while wielding your +0 hunting sling?
Okay, then.
Your +1 dagger of flaming bursts into flame!
t - a +1 dagger of flaming (weapon)
You barely miss Maggie.
Maggie is moderately wounded.
Maggie misses you.
You barely miss Maggie.
Maggie is moderately wounded.
Maggie misses you.
You hit Maggie. You burn Maggie.
Maggie is moderately wounded.
Maggie barely misses you.
You barely miss Maggie.
Maggie is moderately wounded.
Maggie barely misses you.
You barely miss Maggie.
Maggie is moderately wounded.
Maggie completely misses you.
You puncture Maggie! You burn Maggie.
Maggie is heavily wounded.
Maggie barely misses you.
You hit Maggie. You burn Maggie.
Maggie is heavily wounded.
Maggie casts a spell at you. The bolt of fire hits you!!
Ouch! That really hurt!
You die...
Your body crumbles into a pile of gold.

* * , #.* ,,
,#/##* * *,**
#...,, * # #
#..#####*
,#.##.#..#...,*
......#.## ,
####.##..@@# *
,,
+.((.......#,
####.#######,
.. , ,,* ,, ##
*


You could see Maggie (mesmerising).

Vanquished Creatures
  A water moccasin (D:6)
  An ice beast (D:6)
  An ogre (D:5)
  A bullfrog (D:4)
  A wyvern skeleton (D:6)
  2 howler monkeys
  A centaur zombie (D:5)
  A hound (D:4)
  2 jellies (D:5)
  Terence (D:2)
  3 iguanas (D:6)
  A hound skeleton (D:5)
  A howler monkey zombie (D:5)
  6 adders
  A white imp (D:5)
  A worm (D:3)
  2 dart slugs
  An orc (D:5)
  10 endoplasms
  3 giant cockroaches
  15 goblins
  9 hobgoblins
  6 jackals
  8 kobolds
  4 quokkas
  4 ball pythons
  6 bats
  5 frilled lizards
  3 rats (D:1)
101 creatures vanquished.

Notes
Turn   | Place    | Note
-------+----------+-------------------------------------------
     0 | D:1      | Descartes the Deep Dwarf Hunter began the quest for the
                  | Orb.
     0 | D:1      | Reached XP level 1. HP: 19/19 MP: 1/1
   176 | D:1      | Found Peir's Assorted Antiques.
   240 | D:1      | Reached XP level 2. HP: 26/26 MP: 2/2
   299 | D:1      | Reached skill level 5 in Crossbows
   828 | D:2      | Found a faded altar of an unknown god.
   848 | D:2      | Reached XP level 3. HP: 32/32 MP: 3/3
   848 | D:2      | Noticed Terence
   887 | D:2      | Killed Terence
   910 | D:2      | Reached skill level 6 in Crossbows
  1069 | D:2      | Reached XP level 4. HP: 39/39 MP: 4/4
  1325 | D:2      | Reached skill level 1 in Translocations
  1586 | D:2      | Found a runed translucent door.
  1587 | D:2      | Noticed Crazy Yiuf
  2085 | D:3      | Found a blossoming altar of Fedhas.
  2876 | D:4      | Reached skill level 1 in Slings
  2876 | D:4      | Reached XP level 5. HP: 36/45 MP: 5/5
  3413 | D:4      | Reached XP level 6. HP: 42/52 MP: 6/6
  3598 | D:5      | Entered Level 5 of the Dungeon
  3670 | D:5      | Reached skill level 7 in Crossbows
  3750 | D:5      | Found a staircase to the Ecumenical Temple.
  3766 | Temple   | Entered the Ecumenical Temple
  3894 | Temple   | Became a worshipper of Gozag Ym Sagoz the Greedy
  4244 | D:5      | Reached XP level 7. HP: 33/58 MP: 7/7
  4509 | D:1      | Bought a bubbling purple potion for 27 gold pieces
  4509 | D:1      | Bought a scroll labelled JYRUHE FULI for 30 gold pieces
  4509 | D:1      | Bought a scroll labelled JYRUHE FULI for 30 gold pieces
  4806 | D:6      | Found Baovoaf's Magic Scroll Boutique.
  4820 | D:6      | Bought a scroll of identify for 26 gold pieces
  4820 | D:6      | Bought a scroll of identify for 26 gold pieces
  5016 | D:6      | Found Exyt Gugg's Antique Armour Emporium.
  5128 | D:6      | Reached skill level 8 in Crossbows
  5146 | D:7      | Noticed Maggie
  5164 | D:7      | Killed from afar by Maggie

Illustrated notes

Levels and vault maps discovered:
D:1:      dpeg_arrival_tiny_d, layout_loops_corners, serial_shops,
          nicolae_shop_statue_plus
D:2:      cheibrodos_greedy_goblins, layout_loops_ring,
          hellmonk_ecumenical_altar_crossroads, uniq_terence,
          uniq_crazy_yiuf_cottage
D:3:      layout_basic, mainiacjoe_overflow_tiny_flanked
D:4:      layout_basic
D:5:      layout_basic, minmay_temple_entry_mist, minmay_holes
D:6:      layout_gridville, serial_shops, nicolae_diamond_shop,
          nicolae_shop_hallway_stairs
D:7:      layout_basic, nicolae_shop_self_help, uniq_maggie
Temple:   mainiacjoe_temple_archimedes_tessellation

Skill      XL: |  1  2  3  4  5  6  7 |
---------------+----------------------+-----
Crossbows      | 5 6 7 8 |  8.0
Translocations | 1 2 3 4 |  4.9
Slings         | 1 2 3 4 |  4.6
Fighting       | |  1.7
Dodging        | |  2.1
Stealth        | |  1.2

Action                   |  1- 3 |  4- 6 |  7- 9 || total
-------------------------+-------+-------+-------++-------
Melee: Dagger            |       |     8 |     7 ||    15
 Fire: Hand crossbow     |    62 |   135 |    29 ||   226
       Hunting sling     |       |    20 |       ||    20
 Abil: Heal Wounds       |       |       |     1 ||     1
Evoke: Wand              |       |       |     3 ||     3
  Use: Potion            |       |       |     2 ||     2
Armor: Ring mail         |     3 |    15 |       ||    18
       Scale mail        |       |     9 |     1 ||    10
Dodge: Dodged            |     6 |    53 |    17 ||    76
